[Event "Titled Tuesday Blitz February 14 Early 2023"]
[White "Andreev, Konstantin"]
[Black "Cueto, Jonny"]
[WhiteFideId "24239305"]
[BlackFideId "3300145"]
[WhiteElo "2195"]
[BlackElo "2122"]
[Result "1-0"]
[Round "02"]
[TimeControl "180+2"]
[Date "2023.02.15"]
[WhiteClock "0:00:40"]
[BlackClock "0:00:02"]

1. e4 e6 2. d4 d5 3. Nc3 Nf6 4. e5 Nfd7 5. f4 c5 6. Nf3 Nc6 7. Be3 Be7 8. Qd2 O-O 9. a3 a6 10. Be2 cxd4 11. Nxd4 f6 12. exf6 Nxf6 13. O-O Qc7 14. Rad1 Bd7 15. Rfe1 Rac8 16. Bf3 Na5 17. Qd3 Nc4 18. Bc1 Bc5 19. Kh1 Qb6 20. Nb3 Bd6 21. f5 Ne5 22. Qe2 Nxf3 23. Qxf3 exf5 24. Nxd5 Qc6 25. Na5 Qc5 26. Nxb7 Qa7 27. Nxd6 Rcd8 28. Nxf6+ Rxf6 29. Bg5 Rxd6 30. Rxd6 Re8 31. Qd5+ 1-0


[Site "https://www.chess.com"]

[Event "Titled Tuesday Blitz February 14 Early 2023"]
[White "Kiselev, Pavel"]
[Black "Womacka, Mathias"]
[WhiteFideId "4191102"]
[BlackFideId "4611390"]
[WhiteElo "2245"]
[BlackElo "2396"]
[Result "0-1"]
[Round "02"]
[TimeControl "180+2"]
[Date "2023.02.15"]
[WhiteClock "0:00:06"]
[BlackClock "0:01:02"]

1. d4 Nf6 2. c4 e6 3. Nf3 Bb4+ 4. Nbd2 O-O 5. a3 Be7 6. g3 b6 7. Bg2 Bb7 8. O-O c5 9. d5 exd5 10. Nh4 Bc6 11. Nf5 dxc4 12. Nxc4 Bxg2 13. Kxg2 d5 14. Ne5 Bd6 15. Nxd6 Qxd6 16. Bf4 Qe6 17. Qb3 Nc6 18. Nxc6 Qxc6 19. Rfd1 d4+ 20. Qf3 Qxf3+ 21. Kxf3 Nd5 22. e4 Nxf4 23. gxf4 Rfd8 24. e5 c4 25. a4 a6 26. Ke4 d3 27. b3 b5 28. axb5 axb5 29. Rxa8 Rxa8 30. bxc4 bxc4 31. Kd4 Rc8 32. Kc3 g6 33. Rb1 h5 34. Rb7 Kf8 35. Rd7 Ke8 36. Rd4 Ke7 37. h4 Rc6 38. f3 Ke6 39. Rd8 Kf5 40. Rd7 Kxf4 41. Rxf7+ Kxe5 42. f4+ Ke4 43. f5 gxf5 44. Rh7 Rd6 45. Kd2 c3+ 46. Kxc3 d2 47. Re7+ Kf3 0-1


[Site "https://www.chess.com"]

[Event "Titled Tuesday Blitz February 14 Early 2023"]
[White "Orujov, Elshad"]
[Black "Degenbaev, Aziz"]
[WhiteFideId "13403540"]
[BlackFideId "13802640"]
[WhiteElo "2304"]
[BlackElo "2203"]
[Result "0-1"]
[Round "02"]
[TimeControl "180+2"]
[Date "2023.02.15"]
[WhiteClock "0:00:11"]
[BlackClock "0:00:06"]

1. e4 c5 2. Nf3 d6 3. d4 cxd4 4. Nxd4 Nf6 5. Nc3 a6 6. h3 e5 7. Nde2 h5 8. Bg5 Be7 9. Bxf6 Bxf6 10. Nd5 Bg5 11. Nec3 Nc6 12. Bc4 Be6 13. O-O h4 14. Bb3 O-O 15. Qd3 Bh6 16. Ne3 Nd4 17. Ncd5 Qg5 18. Kh1 Qh5 19. c3 Nxb3 20. axb3 Rad8 21. Rad1 Kh8 22. b4 Bd7 23. c4 Rfe8 24. b3 Re6 25. Nf5 Rg6 26. Nxh6 Qxh6 27. Qe3 Qh5 28. Rd2 Bc6 29. Rfd1 Bxd5 30. Rxd5 Rf6 31. c5 Qg6 32. Qd2 Qxe4 33. cxd6 Rg6 34. f3 Qf5 35. d7 Rg3 36. Rc5 Rxh3+ 37. gxh3 Qxh3+ 38. Kg1 Rxd7 39. Rc8+ Kh7 40. Qxd7 Qg3+ 41. Kh1 Qxf3+ 42. Kh2 Qf2+ 43. Kh3 Qg3# 0-1


[Site "https://www.chess.com"]

[Event "Titled Tuesday Blitz February 14 Early 2023"]
[White "Mazurkiewicz, Michal"]
[Black "Martin, Lewis"]
[WhiteFideId "1124943"]
[BlackFideId "410551"]
[WhiteElo "2145"]
[BlackElo "2135"]
[Result "1/2-1/2"]
[Round "02"]
[TimeControl "180+2"]
[Date "2023.02.15"]
[WhiteClock "0:00:15"]
[BlackClock "0:00:20"]

1. e4 c5 2. Nf3 d6 3. g3 Nf6 4. d3 Nc6 5. Bg2 g6 6. O-O Bg7 7. Re1 O-O 8. e5 Ng4 9. exd6 exd6 10. Nc3 d5 11. h3 d4 12. Ne4 Nge5 13. Nxc5 Qb6 14. Nb3 Rd8 15. Bf4 Nxf3+ 16. Qxf3 Be6 17. h4 Bd5 18. Qe2 Bxg2 19. Kxg2 Rac8 20. h5 Nb4 21. Rac1 Nxa2 22. Rcd1 Nb4 23. Rd2 Qc6+ 24. Kg1 Re8 25. Qf1 Nxc2 26. Rxe8+ Qxe8 27. h6 Bf8 28. Qd1 Ne1 29. Kf1 Qc6 30. Kxe1 Qh1+ 31. Ke2 Re8+ 32. Be3 Qxh6 33. Nxd4 Bc5 34. Nc2 Qh5+ 35. Kf1 Qh1+ 36. Ke2 Qh5+ 37. Ke1 Qh1+ 38. Ke2 Qh5+ 1/2-1/2


[Site "https://www.chess.com"]

[Event "Titled Tuesday Blitz February 14 Early 2023"]
[White "EdmundPlayer"]
[Black "Donskov, Anatoly"]
[BlackFideId "24143413"]
[WhiteElo "2246"]
[BlackElo "2279"]
[Result "0-1"]
[Round "02"]
[TimeControl "180+2"]
[Date "2023.02.15"]
[WhiteClock "0:00:04"]
[BlackClock "0:01:49"]

1. e4 c5 2. Nf3 e6 3. d4 cxd4 4. Nxd4 Nf6 5. Nc3 Nc6 6. g3 Be7 7. Bg2 O-O 8. O-O d6 9. Be3 Qc7 10. Qd2 a6 11. a4 Bd7 12. Rfd1 Nxd4 13. Bxd4 Bc6 14. a5 Nd7 15. Na4 Rac8 16. Nb6 Nxb6 17. Bxb6 Qd7 18. c4 e5 19. c5 Ba4 20. b3 Bxb3 21. Rdb1 Bc4 22. Rd1 Bb3 23. Rdb1 Be6 24. Rd1 Rc6 25. Ra3 Bd8 26. Rd3 Bxb6 27. cxb6 Rd8 28. h4 Rc5 0-1


[Site "https://www.chess.com"]

[Event "Titled Tuesday Blitz February 14 Early 2023"]
[White "Khamdamova, Afruza"]
[Black "Rosh Jain"]
[WhiteFideId "14210444"]
[BlackFideId "25789465"]
[WhiteElo "2162"]
[BlackElo "2248"]
[Result "1-0"]
[Round "02"]
[TimeControl "180+2"]
[Date "2023.02.15"]
[WhiteClock "0:00:31"]
[BlackClock "0:00:03"]

1. e4 c5 2. Nf3 d6 3. d4 cxd4 4. Nxd4 Nf6 5. Nc3 a6 6. Bg5 e6 7. f4 Be7 8. Qf3 Qc7 9. O-O-O Nbd7 10. g4 h6 11. Bxf6 Bxf6 12. h4 Nb6 13. g5 Bxd4 14. Rxd4 Qc5 15. Rd1 Bd7 16. Qd3 hxg5 17. fxg5 Rxh4 18. Rxh4 Qxg5+ 19. Kb1 Qxh4 20. Qxd6 Qd8 21. Be2 Nc8 22. Qd4 Kf8 23. Qxd7 Qxd7 24. Rxd7 b5 25. e5 Ne7 26. Ne4 Ke8 27. Rc7 Nf5 28. Bg4 Rd8 29. b3 Ne3 30. Bf3 Nf5 31. Bg4 Ne3 32. Bh3 Nd5 33. Ra7 Ne7 34. Nd6+ Kf8 35. Rxa6 Ng6 36. Nxb5 Nxe5 37. Rd6 Rb8 38. a4 Ke7 39. Rd2 f5 40. Re2 Kf6 41. Nd4 g5 42. Rxe5 Rh8 43. Rxe6+ Kf7 44. Bxf5 Rd8 45. Nc6 Rd5 46. Ne5+ Rxe5 47. Rxe5 Kf6 48. Rb5 g4 49. Bxg4 1-0


[Site "https://www.chess.com"]

[Event "Titled Tuesday Blitz February 14 Early 2023"]
[White "Kochetov, Andrey"]
[Black "Gharamian, Tigran"]
[WhiteFideId "24130532"]
[BlackFideId "13301527"]
[WhiteElo "2165"]
[BlackElo "2601"]
[Result "1-0"]
[Round "02"]
[TimeControl "180+2"]
[Date "2023.02.15"]
[WhiteClock "0:01:16"]
[BlackClock "0:00:19"]

1. e4 c6 2. d4 d5 3. Nc3 dxe4 4. Nxe4 Nf6 5. Nxf6+ exf6 6. c3 Bd6 7. Bd3 O-O 8. Ne2 Re8 9. O-O Nd7 10. f4 Nf8 11. Ng3 c5 12. d5 f5 13. Nxf5 Bxf5 14. Bxf5 Qf6 15. Bd3 Ng6 16. Qf3 Nh4 17. Qg4 Re7 18. f5 Rae8 19. Bg5 1-0


[Site "https://www.chess.com"]

[Event "Titled Tuesday Blitz February 14 Early 2023"]
[White "Hrabinska, Myroslava"]
[Black "Ponce Cano, Adrian"]
[WhiteFideId "14109190"]
[BlackFideId "22296913"]
[WhiteElo "2210"]
[BlackElo "2210"]
[Result "0-1"]
[Round "02"]
[TimeControl "180+2"]
[Date "2023.02.15"]
[WhiteClock "0:00:02"]
[BlackClock "0:01:29"]

1. e4 c5 2. b4 b6 3. bxc5 bxc5 4. Nc3 Nc6 5. Rb1 g6 6. Bc4 Bg7 7. Nf3 e6 8. O-O Nge7 9. Re1 O-O 10. e5 Qc7 11. Nb5 Qd8 12. Ba3 a6 13. Nd6 Qc7 14. Nxc8 Raxc8 15. Bxc5 Rfe8 16. Bd6 Qa5 17. d4 Nf5 18. Bc5 Ncxd4 19. Bb6 Nxf3+ 20. Qxf3 Qd2 21. Bxa6 Rxc2 22. Red1 Qg5 23. Re1 h5 24. Bb5 Rxa2 25. Bxd7 Rb8 26. Bc7 Rxb1 27. Rxb1 Nd4 28. Qe4 Ne2+ 29. Kh1 Nf4 30. Bd6 Re2 31. Qf3 Rc2 32. g3 Nd5 33. Bc6 Rc1+ 34. Rxc1 Qxc1+ 35. Kg2 Qxc6 36. h4 Kh7 0-1


[Site "https://www.chess.com"]

[Event "Titled Tuesday Blitz February 14 Early 2023"]
[White "Urbina Quiroz, Edwin"]
[Black "Bochnicka, Vladimir"]
[WhiteFideId "6500650"]
[BlackFideId "14943450"]
[WhiteElo "2129"]
[BlackElo "2327"]
[Result "1-0"]
[Round "02"]
[TimeControl "180+2"]
[Date "2023.02.15"]
[WhiteClock "0:00:23"]
[BlackClock "0:00:20"]

1. e4 c5 2. Nf3 Nc6 3. d4 cxd4 4. Nxd4 e5 5. Nb5 d6 6. N5c3 Be7 7. Nd5 Nf6 8. Nbc3 O-O 9. Nxe7+ Qxe7 10. Bg5 Be6 11. Be2 h6 12. Bxf6 Qxf6 13. O-O Rfd8 14. Nd5 Bxd5 15. exd5 Ne7 16. c4 Ng6 17. Re1 Qg5 18. g3 Rac8 19. Qc1 Qf6 20. Bd3 Nf8 21. Qc3 Nd7 22. Qa3 a6 23. Bf1 Qg6 24. Rac1 e4 25. Bh3 f5 26. f4 Nc5 27. Bf1 Qf6 28. Qc3 Qxc3 29. Rxc3 a5 30. Kf2 b6 31. Ke3 Kf7 32. b3 Kf6 33. a3 Ra8 34. Rb1 g5 35. Be2 Rg8 36. Rcc1 gxf4+ 37. Kxf4 Rae8 38. Ke3 Ke5 39. b4 axb4 40. axb4 Nd7 41. Ra1 Nf6 42. Ra6 Rb8 43. Rca1 h5 44. Ra7 Ng4+ 45. Bxg4 Rxg4 46. Rf7 Rc8 47. Raa7 Rxc4 48. Rae7+ Kxd5 49. Rxf5+ Kc6 50. Re8 Kd7 51. Rff8 Rc3+ 52. Kd4 Rd3+ 53. Kc4 e3+ 54. Kxd3 Rxb4 55. Kxe3 Rb3+ 56. Kf4 Rb4+ 57. Kg5 Rb2 58. h4 Rb5+ 59. Kh6 Rd5 60. Rd8+ Ke7 61. Rde8+ Kd7 62. Re3 b5 63. Rb3 Kc6 64. Rc8+ Kb6 65. Rb8+ Ka5 66. Ra3+ Kb4 67. Ra1 Kc4 68. Rc1+ Kb4 69. Rb1+ Kc4 70. Rf8 b4 71. Rf4+ Kc5 72. Rbxb4 Rd3 73. Rbc4+ Kd5 74. Ra4 Rxg3 75. Rf5+ Ke6 76. Rxh5 Rf3 77. Re4+ Kd7 78. Rd4 Ke6 79. Rg5 Rf6+ 80. Rg6 Rxg6+ 81. Kxg6 Ke5 82. Rxd6 Kxd6 83. h5 Ke7 84. Kg7 Kd6 85. h6 Ke5 86. h7 Kd4 87. h8=Q Ke4 88. Qf8 Ke3 89. Qf6 Kd3 90. Kg6 Kd2 91. Kg5 Ke2 92. Qf5 Kd1 93. Kg4 Kc1 94. Qf4+ 1-0


[Site "https://www.chess.com"]

[Event "Titled Tuesday Blitz February 14 Early 2023"]
[White "Slade, Theodore"]
[Black "Onslow, Alfie"]
[WhiteFideId "426547"]
[BlackFideId "436976"]
[WhiteElo "1995"]
[BlackElo "2157"]
[Result "1-0"]
[Round "02"]
[TimeControl "180+2"]
[Date "2023.02.15"]
[WhiteClock "0:00:07"]
[BlackClock "0:00:01"]

1. d4 d5 2. c4 e6 3. Nf3 c6 4. e3 f5 5. Bd3 Nf6 6. O-O Bd6 7. b3 Qe7 8. Bb2 O-O 9. Qc1 a5 10. Ba3 a4 11. Bxd6 Qxd6 12. Nc3 a3 13. Qc2 Ne4 14. Bxe4 fxe4 15. Nd2 Nd7 16. f3 exf3 17. Rxf3 Nf6 18. Raf1 e5 19. cxd5 exd4 20. exd4 cxd5 21. Nb5 Qc6 22. Qxc6 bxc6 23. Nc3 Ba6 24. Re1 Rae8 25. Rfe3 Rxe3 26. Rxe3 Ng4 27. Re1 Rf2 28. Ndb1 Rc2 29. h3 Nf6 30. Re6 Bb5 31. Nxb5 cxb5 32. Nxa3 Rc1+ 33. Kh2 b4 34. Nb5 Rc2 35. a3 bxa3 36. Nxa3 Rb2 37. Rb6 Nh5 38. Rb8+ Kf7 39. Rb7+ Kg6 40. Rb6+ Kf7 41. Nb5 Nf4 42. Kg3 Nxg2 43. Nc7 Ne3 44. Kf3 Nc2 45. Ne6 g6 46. Ng5+ Kg7 47. Rb7+ Kh6 48. h4 Nxd4+ 49. Kf4 Ne2+ 50. Kg4 Nd4 51. Rxh7# 1-0


[Site "https://www.chess.com"]

[Event "Titled Tuesday Blitz February 14 Early 2023"]
[White "Willathgamuwa, Kevin"]
[Black "Vagman, Roy"]
[WhiteFideId "3214168"]
[BlackFideId "2828995"]
[WhiteElo "2062"]
[BlackElo "2273"]
[Result "0-1"]
[Round "02"]
[TimeControl "180+2"]
[Date "2023.02.15"]
[WhiteClock "0:00:33"]
[BlackClock "0:00:47"]

1. e4 d6 2. d4 g6 3. Nc3 Bg7 4. Be3 Nc6 5. Qd2 Nf6 6. f3 e5 7. Nge2 exd4 8. Nxd4 O-O 9. O-O-O Nxd4 10. Bxd4 Be6 11. h4 h5 12. Nd5 Nxd5 13. exd5 Bd7 14. g4 hxg4 15. h5 Bxd4 16. Qxd4 Qg5+ 17. f4 Qh6 18. Bg2 gxh5 19. Rxh5 Qxh5 20. Rh1 Qxh1+ 21. Bxh1 f5 22. Kd2 Rae8 23. Bg2 Rf7 24. Bf1 Re4 25. Qxa7 Rxf4 26. Bd3 g3 27. Qb8+ Kg7 28. Qxc7 g2 29. Qb6 Rg4 30. Qg1 f4 31. Qd4+ Rf6 32. Qe4 g1=Q 33. Qh7+ Kf8 34. Qh8+ Ke7 35. Qh7+ Rg7 36. Qe4+ Kd8 37. Qb4 Qe3+ 38. Kc3 Qc5+ 39. Qxc5 dxc5 0-1


[Site "https://www.chess.com"]

[Event "Titled Tuesday Blitz February 14 Early 2023"]
[White "Mendez Machado, Andre"]
[Black "Kanyamarala, Tarun"]
[WhiteFideId "6603793"]
[BlackFideId "45004714"]
[WhiteElo "1974"]
[BlackElo "2342"]
[Result "0-1"]
[Round "02"]
[TimeControl "180+2"]
[Date "2023.02.15"]
[WhiteClock "0:00:12"]
[BlackClock "0:01:59"]

1. e4 c6 2. d4 d5 3. f3 e6 4. Nc3 Bb4 5. Bd2 Ne7 6. a3 Ba5 7. Bd3 dxe4 8. fxe4 Qxd4 9. Nf3 Qd8 10. O-O O-O 11. e5 Nf5 12. g4 Nd4 13. Ng5 h6 14. Nh7 Re8 15. g5 Nf5 16. gxh6 Kxh7 17. hxg7 Qh4 18. Bxf5+ exf5 19. Kh1 Bxc3 20. Bxc3 Be6 21. Qf3 Bd5 0-1


[Site "https://www.chess.com"]

[Event "Titled Tuesday Blitz February 14 Early 2023"]
[White "surrenderPLS"]
[Black "Smith, Garrett L"]
[BlackFideId "2024829"]
[WhiteElo "2491"]
[BlackElo "2047"]
[Result "1-0"]
[Round "02"]
[TimeControl "180+2"]
[Date "2023.02.15"]
[WhiteClock "0:01:27"]
[BlackClock "0:00:50"]

1. e4 c5 2. Nf3 Nc6 3. Nc3 e5 4. g3 Nf6 5. Bg2 Be7 6. O-O d6 7. d3 h6 8. Nh4 O-O 9. Nf5 Nd4 10. g4 Be6 11. h3 Rb8 12. a4 Nh7 13. Ne2 Bg5 14. f4 Nxe2+ 15. Qxe2 Bxf4 16. Bxf4 exf4 17. Rxf4 Qf6 18. c3 Rfd8 19. Raf1 Qe5 20. d4 cxd4 21. cxd4 Qa5 22. Ne7+ Kh8 23. d5 Bd7 24. Rxf7 Nf6 25. g5 Qc5+ 26. Kh1 hxg5 27. R1xf6 1-0


[Site "https://www.chess.com"]

[Event "Titled Tuesday Blitz February 14 Early 2023"]
[White "Grycel, Kamil"]
[Black "Dylag, Emilia"]
[WhiteFideId "1115499"]
[BlackFideId "21805172"]
[WhiteElo "2315"]
[BlackElo "2095"]
[Result "1-0"]
[Round "02"]
[TimeControl "180+2"]
[Date "2023.02.15"]
[WhiteClock "0:00:55"]
[BlackClock "0:00:10"]

1. b3 Nf6 2. Bb2 e6 3. Nf3 Be7 4. g3 O-O 5. Bg2 d5 6. c4 c5 7. O-O Nc6 8. cxd5 Nxd5 9. Nc3 Bf6 10. Rc1 b6 11. Qc2 Bb7 12. Rfd1 Rc8 13. Qb1 Qe7 14. Nxd5 exd5 15. Bxf6 Qxf6 16. d4 cxd4 17. Qb2 Rfe8 18. Rd2 h6 19. Rcd1 Ba6 20. Ne1 Qe5 21. Bf3 f5 22. Qa3 Bb5 23. Qb2 a5 24. a3 Kh7 25. Kg2 g5 26. Kg1 g4 27. Bg2 h5 28. Nd3 Bxd3 29. exd3 Na7 30. Bf1 Nb5 31. Re2 Qd6 32. Rde1 Rxe2 33. Qxe2 Nxa3 34. Bg2 Rf8 35. Qd2 Nb5 36. Qg5 Qg6 37. Re7+ Rf7 38. Rxf7+ Qxf7 39. Qd8 Kg7 40. Bxd5 Nc3 41. Bxf7 1-0


[Site "https://www.chess.com"]

[Event "Titled Tuesday Blitz February 14 Early 2023"]
[White "Ardila, Oscar Humberto"]
[Black "Sai Han Thiha"]
[WhiteFideId "4404742"]
[BlackFideId "13012290"]
[WhiteElo "1982"]
[BlackElo "2070"]
[Result "0-1"]
[Round "02"]
[TimeControl "180+2"]
[Date "2023.02.15"]
[WhiteClock "0:00:07"]
[BlackClock "0:00:09"]

1. d4 d5 2. c4 e6 3. Nc3 c5 4. dxc5 d4 5. Ne4 Nc6 6. Nf3 e5 7. Bg5 f6 8. Bd2 a5 9. g3 Bf5 10. Nd6+ Bxd6 11. cxd6 Qxd6 12. Bg2 Be6 13. Qc2 Qc5 14. b3 Nge7 15. O-O O-O 16. Nh4 f5 17. e4 f4 18. gxf4 exf4 19. Nf3 Qh5 20. Qb2 Bh3 21. Bxh3 Qxh3 22. Ne1 Rf6 23. f3 Ne5 24. Qxd4 N7c6 25. Qf2 Rd8 26. Bc3 Rfd6 27. Ng2 g5 28. Rae1 Rd3 29. Bxe5 Nxe5 30. Qc5 Nxf3+ 31. Rxf3 Qxf3 32. Qxg5+ Kf7 33. Qf5+ Ke7 34. Qe5+ Kd7 35. Qf5+ Kc7 36. e5 Rd2 37. Qxh7+ Kb8 38. Qg7 Qf2+ 39. Kh1 Rd1 0-1


[Site "https://www.chess.com"]

[Event "Titled Tuesday Blitz February 14 Early 2023"]
[White "Bashylina, Luisa"]
[Black "Kavutskiy, Konstantin"]
[WhiteFideId "12983292"]
[BlackFideId "2026384"]
[WhiteElo "2103"]
[BlackElo "2414"]
[Result "0-1"]
[Round "02"]
[TimeControl "180+2"]
[Date "2023.02.15"]
[WhiteClock "0:00:42"]
[BlackClock "0:00:11"]

1. e4 Nc6 2. d4 d6 3. d5 Nb8 4. Be3 Nf6 5. Bd3 g6 6. c4 Bg7 7. Nc3 O-O 8. Nge2 e6 9. O-O c6 10. dxc6 Nxc6 11. b3 a6 12. Qd2 Ne5 13. f3 d5 14. cxd5 exd5 15. Rfd1 dxe4 16. Nxe4 Qxd3 17. Qxd3 Nxd3 18. N4c3 Nb4 19. Bc5 Nfd5 20. Nxd5 Nxd5 21. Bxf8 Bxa1 22. Ba3 Nc3 23. Rxa1 Nxe2+ 24. Kf2 Nd4 25. Rd1 Nc6 26. Bb2 Be6 27. g4 Rd8 28. Re1 Rd2+ 29. Re2 Rxe2+ 30. Kxe2 Kf8 31. Ke3 Ke7 32. Ke4 Kd6 33. Ba3+ Kd7 34. h4 b5 35. Bc5 a5 36. Bb6 a4 37. bxa4 bxa4 38. a3 Ne7 39. Bc5 Bd5+ 40. Ke3 Bc6 41. f4 Ke6 42. Kd4 Nd5 43. Bf8 Nxf4 44. Bc5 Ne2+ 45. Ke3 Nc3 46. Kf4 Nb5 47. Kg5 f6+ 48. Kh6 f5 49. Kxh7 fxg4 50. Kxg6 g3 51. h5 Be4+ 52. Kg7 Kd5 53. Bb6 Nd4 54. h6 g2 55. h7 Bxh7 56. Kxh7 g1=Q 0-1


[Site "https://www.chess.com"]

[Event "Titled Tuesday Blitz February 14 Early 2023"]
[White "Devaev, Alexander"]
[Black "Ciuffoletti, Paolo"]
[WhiteFideId "4169395"]
[BlackFideId "807630"]
[WhiteElo "2325"]
[BlackElo "2106"]
[Result "1/2-1/2"]
[Round "02"]
[TimeControl "180+2"]
[Date "2023.02.15"]
[WhiteClock "0:00:11"]
[BlackClock "0:00:04"]

1. d4 d5 2. Nf3 Nf6 3. c4 c6 4. Qc2 g6 5. Bf4 Bg7 6. e3 O-O 7. Nbd2 c5 8. dxc5 Qa5 9. a3 Bf5 10. Qb3 Na6 11. Nd4 Ne4 12. Rd1 Naxc5 13. Qb4 Qxb4 14. axb4 Na4 15. Nxe4 dxe4 16. b3 Nb6 17. Be2 e5 18. Nxf5 exf4 19. Nxg7 Kxg7 20. exf4 a5 21. c5 Nc8 22. Ra1 Ne7 23. Rxa5 Nd5 24. O-O Nxb4 25. Rb5 Nd3 26. Rxb7 Nxc5 27. Rb5 Rfc8 28. Bc4 Rab8 29. Rxb8 Rxb8 30. g3 f5 31. Rd1 Rb4 32. Rb1 Nd3 33. Bxd3 exd3 34. Kf1 Re4 35. b4 d2 36. b5 Re6 37. b6 d1=Q+ 38. Rxd1 Rxb6 39. Kg2 Rb2 40. Rd7+ Kh6 41. Rd3 Rc2 42. h4 Rb2 43. Rd7 Rc2 44. Re7 Rb2 45. Kf3 Rc2 46. Re3 Rb2 47. Rc3 Ra2 48. Rb3 Rc2 49. Rd3 Rb2 50. Re3 Ra2 51. Re2 Ra3+ 52. Kg2 Ra1 53. f3 Ra3 54. Kf2 Rb3 55. Kg2 Ra3 56. Rf2 Rb3 57. Re2 Ra3 1/2-1/2


[Site "https://www.chess.com"]

[Event "Titled Tuesday Blitz February 14 Early 2023"]
[White "Goltseva, Ekaterina"]
[Black "Clawitter, Craig"]
[WhiteFideId "24173770"]
[BlackFideId "2023105"]
[WhiteElo "2283"]
[BlackElo "2050"]
[Result "0-1"]
[Round "02"]
[TimeControl "180+2"]
[Date "2023.02.15"]
[WhiteClock "0:00:01"]
[BlackClock "0:00:11"]

1. d4 e6 2. Nf3 Nf6 3. g3 d5 4. Bg2 Be7 5. O-O O-O 6. c4 dxc4 7. Qc2 a6 8. a4 Bd7 9. Qxc4 Bc6 10. Bg5 a5 11. Rd1 Na6 12. Qc1 Nb4 13. Bxf6 Bxf6 14. Nc3 Rc8 15. e4 b6 16. d5 exd5 17. exd5 Nxd5 18. Kh1 Bxc3 19. bxc3 Qf6 20. Nd4 Ba8 21. Qc2 Rfd8 22. Nf5 g6 23. Nh6+ Kg7 24. Ng4 Qxc3 25. Qe2 Nb4 26. Qf3 Bxf3 0-1


[Site "https://www.chess.com"]

[Event "Titled Tuesday Blitz February 14 Early 2023"]
[White "SicilianPanzer"]
[Black "Khandelwal, Ankush"]
[BlackFideId "413470"]
[WhiteElo "2240"]
[BlackElo "2205"]
[Result "0-1"]
[Round "02"]
[TimeControl "180+2"]
[Date "2023.02.15"]
[WhiteClock "0:00:01"]
[BlackClock "0:00:13"]

1. e4 c6 2. d4 d5 3. Nc3 dxe4 4. Nxe4 Nf6 5. Nxf6+ gxf6 6. g3 e5 7. c3 Be6 8. Bg2 Nd7 9. Ne2 h5 10. h4 Qb6 11. Be3 Qxb2 12. Rb1 Qxa2 13. Rxb7 Bd5 14. O-O Bxg2 15. Kxg2 Qd5+ 16. f3 c5 17. Qb1 Nb6 18. dxc5 Qxb7 19. cxb6 axb6 20. Rd1 Be7 21. Qb5+ Kf8 22. Rd7 Qa6 23. Qb2 Qa2 24. Qb5 Ra5 25. Qd3 Qe6 26. Kf2 f5 27. f4 Rg8 28. fxe5 Rxe5 29. Nf4 Qc6 30. Rd8+ Bxd8 31. Qxd8+ Kg7 32. Nxh5+ Kh8 33. Qd4 f6 34. Bf4 Rd5 35. Qe3 Re8 0-1


[Site "https://www.chess.com"]

[Event "Titled Tuesday Blitz February 14 Early 2023"]
[White "Korpics, Zsolt"]
[Black "Balabayeva, Xeniya"]
[WhiteFideId "705241"]
[BlackFideId "13719688"]
[WhiteElo "2300"]
[BlackElo "2191"]
[Result "0-1"]
[Round "02"]
[TimeControl "180+2"]
[Date "2023.02.15"]
[WhiteClock "0:00:11"]
[BlackClock "0:00:06"]

1. e4 c5 2. Nf3 e6 3. d4 cxd4 4. Nxd4 Nf6 5. Nc3 Nc6 6. Ndb5 Bc5 7. Nd6+ Ke7 8. Bf4 e5 9. Nf5+ Kf8 10. Be3 Bb4 11. f3 d5 12. a3 Bxc3+ 13. bxc3 Bxf5 14. exf5 Qc7 15. Qd2 h5 16. Be2 Ne7 17. g4 hxg4 18. fxg4 Ne4 19. Qd3 Ng3 20. Bb6 Qxb6 21. Qxg3 Rc8 22. Rd1 Qc5 23. Rd3 e4 24. Re3 f6 25. O-O Qxa3 26. g5 Qc5 27. Kh1 Qc7 28. Qg2 Qe5 29. Rg3 Ke8 30. Bb5+ Kd8 31. Qf2 b6 32. Rd1 Kc7 33. Ra1 Kb8 34. c4 d4 35. Rga3 Rc7 36. Kg1 e3 37. Qg2 Nxf5 38. c5 Qxc5 39. Bd3 Nh4 40. Qe4 Qxg5+ 41. Kh1 Qe5 42. Qg2 Nxg2 43. Kxg2 Rxh2+ 0-1


[Site "https://www.chess.com"]

[Event "Titled Tuesday Blitz February 14 Early 2023"]
[White "Goncalves, Davi Sulzbacher"]
[Black "Smietanska, Wiktoria"]
[WhiteFideId "2154510"]
[BlackFideId "21869359"]
[WhiteElo "2282"]
[BlackElo "1936"]
[Result "1-0"]
[Round "02"]
[TimeControl "180+2"]
[Date "2023.02.15"]
[WhiteClock "0:00:30"]
[BlackClock "0:00:02"]

1. Nf3 Nf6 2. g3 g6 3. d4 Bg7 4. c4 d6 5. Bg2 O-O 6. O-O Nc6 7. Nc3 Bg4 8. h3 Bxf3 9. Bxf3 e5 10. dxe5 Nxe5 11. Bxb7 Rb8 12. Bg2 Nxc4 13. b3 Nh5 14. Qc2 Qf6 15. Nd5 Qxa1 16. Qxc4 Qd4 17. Qxc7 Nxg3 18. e3 Ne2+ 19. Kh1 Qc5 20. Qxc5 dxc5 21. Bd2 c4 22. bxc4 Rb2 23. Bb4 Rb8 24. a3 Rc2 25. Bf3 Nc1 26. Ne7+ Kh8 27. c5 Nd3 28. c6 Nxb4 29. axb4 Bf8 30. c7 Rxc7 31. Nc6 Rbc8 32. b5 Bc5 33. Rd1 Bb6 34. Kg2 Kg7 35. h4 Kf6 36. h5 g5 37. Rd6+ Kg7 38. h6+ Kf8 39. Bg4 Rb7 40. Bxc8 Rc7 41. Bf5 1-0


[Site "https://www.chess.com"]

[Event "Titled Tuesday Blitz February 14 Early 2023"]
[White "lisjakzlatko1"]
[Black "Bychkov, Vladimir"]
[BlackFideId "24151513"]
[WhiteElo "2220"]
[BlackElo "2225"]
[Result "0-1"]
[Round "02"]
[TimeControl "180+2"]
[Date "2023.02.15"]
[WhiteClock "0:00:08"]
[BlackClock "0:00:59"]

1. e4 c6 2. d4 d5 3. f3 e6 4. Nc3 Bb4 5. Ne2 Ne7 6. a3 Ba5 7. Bg5 Nd7 8. Qd3 h6 9. Bh4 Nf8 10. O-O-O a6 11. g4 b5 12. Kb1 b4 13. axb4 Bxb4 14. Na2 Ba5 15. Bg3 Bc7 16. e5 Rb8 17. Nec1 Nd7 18. Qa3 a5 19. Nb3 O-O 20. h4 Nb6 21. Nc5 Nc4 22. Bxc4 dxc4 23. Ka1 Nd5 24. g5 h5 25. g6 fxg6 26. Rhg1 Nb4 27. Rd2 Kh7 28. Be1 Rf4 29. Rdg2 Qxd4 30. Ne4 Qd1+ 0-1


[Site "https://www.chess.com"]

[Event "Titled Tuesday Blitz February 14 Early 2023"]
[White "Lesbekova, Assel"]
[Black "Zacurdajev, Dmitry"]
[WhiteFideId "13713248"]
[BlackFideId "4196309"]
[WhiteElo "1772"]
[BlackElo "2273"]
[Result "1-0"]
[Round "02"]
[TimeControl "180+2"]
[Date "2023.02.15"]
[WhiteClock "0:01:45"]
[BlackClock "0:01:08"]

1. e4 c6 2. d4 d5 3. Nd2 dxe4 4. Nxe4 Nf6 5. Ng3 h5 6. h4 Bg4 7. Be2 e6 8. Bg5 Nbd7 9. Bxg4 hxg4 10. h5 Qa5+ 11. Qd2 Qb6 12. O-O-O Bb4 13. c3 Bd6 14. N1e2 O-O-O 15. h6 gxh6 16. Bxh6 Nd5 17. Ne4 Be7 18. Bg5 f6 19. Bh4 Qa6 20. Kb1 N7b6 21. b3 f5 22. Bxe7 Rxh1 23. Rxh1 Nxe7 24. Nc5 Qxe2 25. Qxe2 1-0


[Site "https://www.chess.com"]

[Event "Titled Tuesday Blitz February 14 Early 2023"]
[White "Dzhaparov, Medet"]
[Black "Fernandez Garcia, Gumersindo"]
[WhiteFideId "13803689"]
[BlackFideId "24516740"]
[WhiteElo "1578"]
[BlackElo "2160"]
[Result "0-1"]
[Round "02"]
[TimeControl "180+2"]
[Date "2023.02.15"]
[WhiteClock "0:00:07"]
[BlackClock "0:00:10"]

1. e4 c5 2. Nf3 d6 3. d4 cxd4 4. Nxd4 Nf6 5. Nc3 a6 6. h3 e5 7. Nb3 Be7 8. g4 O-O 9. Bg2 Nc6 10. Be3 Be6 11. Qd2 Qc7 12. h4 Nd7 13. g5 Nc5 14. h5 g6 15. hxg6 fxg6 16. Bh3 Bc4 17. Nd5 Qd8 18. Be6+ Kh8 19. Nxc5 dxc5 20. Rh6 Nd4 21. Bxd4 exd4 22. Nxe7 Qxe7 23. Bxc4 Qxe4+ 24. Qe2 Qf4 25. Be6 Rae8 26. Kf1 Qxg5 27. Rh1 Rf6 28. Rg1 Qf4 29. Rg4 Qh2 30. Rg2 Qh1+ 31. Rg1 Qh4 32. Rg4 Qh2 33. Rg2 Qf4 34. Rg4 Qd6 35. Re4 Rexe6 36. Rxe6 Rxe6 37. Qf3 Qe7 38. c3 Kg7 39. cxd4 cxd4 40. Qd3 Qf6 41. Qb3 Rb6 42. Qc2 h5 43. Qc7+ Kh6 44. Qc2 Qf5 45. Qd2+ Qg5 46. Qe2 Qf4 47. Rd1 Rf6 48. Re1 h4 49. Qe4 Qxf2# 0-1


[Site "https://www.chess.com"]